 Dungeon Crawl Stone Soup version 0.31.0-9-g3a7656b989 (webtiles) character file.

Game seed: 4325341372711725885

625 qw the Skirmisher (level 7, 0/39 (40) HPs)
             Began as a Deep Elf Hunter on Feb 2, 2024.
             Was an Initiate of Okawaru.
             Slain by a wight
             ... wielding a +0 dire flail
              (1 damage)
             ... on level 5 of the Dungeon.
             The game lasted 00:00:17 (3488 turns).

qw the Skirmisher (Deep Elf Hunter)                 Turns: 3488, Time: 00:00:18

HP:   0/39 (40)     AC: 11    Str: 10    XL:     7   Next: 23%
MP:   9/9           EV:  9    Int: 14    God:    Okawaru [......]
Gold: 132           SH:  0    Dex: 18    Spells: 6/6 levels left

rFire   . . .        a - +1 shortbow
rCold   . . .        (shield currently unavailable)
rNeg    . . .        b - +1 scale mail {rPois}
rPois   +            (no helmet)
rElec   .            (no cloak)
rCorr   .            (no gloves)
SInv    .            (no boots)
Will    .....        (no amulet)
Stlth   +            k - +4 ring of protection
HPRegen 0.26/turn    (no ring)
MPRegen 0.11/turn

%: no passive effects
@: lightly drained
A: no striking features
a: Renounce Religion


You were on level 5 of the Dungeon.
You worshipped Okawaru.
Okawaru was noncommittal.
You visited 2 branches of the dungeon, and saw 6 of its levels.

You collected 132 gold pieces.


   Skills:
 - Level 2.0 Fighting
 + Level 10.9 Ranged Weapons
 - Level 1.7 Armour
 - Level 2.4 Dodging
 - Level 1.2 Stealth


You had 6 spell levels left.
You didn't know any spells.
Your spell library was empty.

Inventory:

Hand Weapons
 a - a +1 shortbow (weapon)
Armour
 b - a +1 scale mail of poison resistance (worn)
Jewellery
 h - a +6 ring of strength
 k - a +4 ring of protection (left hand)
Scrolls
 e - a scroll of noise {unknown}
 g - 3 scrolls of identify
Potions
 c - a potion of resistance
 d - a potion of degeneration {unknown}
 f - 2 potions of curing
 i - a potion of might
 j - a potion of attraction {unknown}

Dungeon Overview and Level Annotations

Branches:
Dungeon (5/15)             Temple (1/1) D:4

Altars:
Ashenzari
Elyvilon
Hepliaklqana
Kikubaaqudgha
Makhleb
Okawaru
Qazlal
Ru
Trog
Uskayaw
Vehumet
Wu Jian
Xom
Yredelemnul
Zin
The Shining One

Annotations:
D:3 2 runed translucent doors, qw's ghost, amateur DjHu


Message History

You shoot an arrow.
The arrow hits the wight but does no damage.
The wight is almost destroyed.
The wight misses you.
You shoot an arrow. The arrow hits the wight.
You destroy the wight!
Okawaru accepts your kill.
Your life force feels restored.
3478 ||| FLEEEEING.
You shoot an arrow.
The arrow hits the wight but does no damage.
The wight hits you with a +2 flail.
A wight comes into view. It is wielding a +0 dire flail.
You shoot an arrow. The arrow closely misses the wight.
The wight barely misses you.
You shoot an arrow. The arrow hits the wight.
The wight is moderately damaged.
The wight barely misses you.
You shoot an arrow. The arrow hits the wight!
The wight is almost destroyed.
The wight hits you with a +2 flail.
You feel drained.
You shoot an arrow. The arrow barely misses the wight.
The wight barely misses you. The wight hits you with a +2 flail!
You feel drained.
You shoot an arrow. The arrow hits the wight!
You destroy the wight!
Okawaru accepts your kill.
Your life force feels restored.
You shoot an arrow. The arrow closely misses the wight.
The wight hits you with a +0 dire flail.
You feel drained.
You shoot an arrow.
The arrow hits the wight but does no damage.
The wight barely misses you.
You shoot an arrow. The arrow closely misses the wight.
The wight hits you with a +0 dire flail.
You shoot an arrow. The arrow hits the wight.
The wight is lightly damaged.
The wight hits you with a +0 dire flail.
You die...

.....# ......#.. ......
........##..#.. ......
##......#........ ......#
.......###.##### .......
........##...##. .##... .......
..........[.<... ......
......)###..:............ #......
#z##.#............# ..#.. .......
#.@..#............#
.............<..#................
..##............##.......!...)...
...............###.......#.###...
...#......###..#.#.........##....
.####....# #.......).......###..
.# ##...# ##..............#####.
#####....###.......#.........##..
...#.%.......................#...


You could see a wight.

Vanquished Creatures
  A black bear (D:5)
  An ogre (D:5)
  A bullfrog (D:3)
  2 wights (D:5)
  A hound (D:4)
  A jelly (D:4)
  An orc priest (D:4)
  An orc wizard (D:4)
  5 adders
  2 ufetubi (D:5)
  3 dart slugs
  2 ribbon worms (D:3)
  8 orcs
  8 bats
  6 endoplasms
  6 giant cockroaches
  16 goblins
  4 hobgoblins
  4 jackals (D:1)
  8 kobolds
  3 quokkas
  10 ball pythons
  6 frilled lizards
  4 rats
104 creatures vanquished.

Notes
Turn   | Place    | Note
-------+----------+-------------------------------------------
     0 | D:1      | qw the Deep Elf Hunter began the quest for the Orb.
     0 | D:1      | Reached XP level 1. HP: 12/12 MP: 3/3
     0 | D:1      | 0 ||| qw: Version: 0.3-a-155-g5e7d8dd
     0 | D:1      | 0 ||| qw: Game counter: 559
     0 | D:1      | 0 ||| qw: Melee chars always use a shield: true
     0 | D:1      | 0 ||| qw: God list: Okawaru
     0 | D:1      | 0 ||| qw: Allow faded altars: false
     0 | D:1      | 0 ||| qw: Do Orc after clearing Dungeon:15 true
     0 | D:1      | 0 ||| qw: Do second Lair branch before Depths: true
     0 | D:1      | 0 ||| qw: Lair rune preference: random
     0 | D:1      | 0 ||| qw: Goals: Normal
     0 | D:1      | 0 ||| PLANNING D:1-11
   153 | D:1      | Reached skill level 6 in Ranged Weapons
   153 | D:1      | Reached XP level 2. HP: 16/16 MP: 4/4
   517 | D:1      | Reached XP level 3. HP: 20/20 MP: 5/5
   647 | D:1      | You fall into a shaft and drop 1 floor!
   801 | D:2      | 801 ||| UPGRADING to +0 ring mail.
   811 | D:2      | 811 ||| DROPPING +0 leather armour.
   812 | D:2      | 812 ||| UPGRADING to +4 ring of protection.
   813 | D:2      | 813 ||| READING 2 scrolls labelled ZUELUGHAAL.
   814 | D:2      | 814 ||| READING scroll labelled OJESTR JUJIQOCH.
   819 | D:2      | 819 ||| READING scroll labelled FISTRI ECUFEKIDD.
   820 | D:2      | 820 ||| READING scroll labelled SYRIXOKH ZATHRA.
   921 | D:2      | 921 ||| DRINKING 3 fizzy green potions.
   922 | D:2      | 922 ||| DRINKING 2 orange potions.
   923 | D:2      | 923 ||| DROPPING scroll of butterflies.
   924 | D:2      | 924 ||| DROPPING scroll of revelation.
   952 | D:1      | Reached skill level 7 in Ranged Weapons
  1364 | D:2      | 1364 ||| FLEEEEING.
  1365 | D:2      | 1365 ||| FLEEEEING.
  1366 | D:2      | 1366 ||| FLEEEEING.
  1368 | D:2      | 1368 ||| FLEEEEING.
  1369 | D:2      | 1369 ||| FLEEEEING.
  1370 | D:2      | 1370 ||| FLEEEEING.
  1371 | D:2      | 1371 ||| FLEEEEING.
  1372 | D:2      | 1372 ||| FLEEEEING.
  1373 | D:2      | 1373 ||| FLEEEEING.
  1374 | D:2      | 1374 ||| FLEEEEING.
  1375 | D:2      | 1375 ||| FLEEEEING.
  1376 | D:2      | 1376 ||| FLEEEEING.
  1380 | D:2      | Reached XP level 4. HP: 21/25 MP: 6/6
  1629 | D:2      | 1629 ||| READING scroll labelled WASONLUYCE.
  1629 | D:2      | 1629 ||| IDENTIFYING fuming clear potion
  1630 | D:2      | 1630 ||| DRINKING 2 silvery potions.
  1832 | D:3      | HP: 6/25 [poisoned by an adder]
  1833 | D:3      | 1833 ||| READING scroll of teleportation.
  1833 | D:3      | HP: 2/25 [hobgoblin (4)]
  1834 | D:3      | 1834 ||| DRINKING potion of heal wounds.
  1925 | D:3      | Reached skill level 8 in Ranged Weapons
  1951 | D:3      | Noticed a bullfrog
  1956 | D:3      | Killed a bullfrog
  1957 | D:3      | Reached XP level 5. HP: 29/29 MP: 7/7
  2060 | D:3      | Found a faded altar of an unknown god.
  2135 | D:3      | Found a large runed translucent door.
  2136 | D:3      | Found a large runed translucent door.
  2136 | D:3      | Noticed qw's ghost (amateur DjHu)
  2142 | D:3      | 2142 ||| READING scroll of identify.
  2142 | D:3      | 2142 ||| IDENTIFYING fuming amethyst potion
  2143 | D:3      | 2143 ||| READING scroll labelled JIANLO PAON.
  2143 | D:3      | 2143 ||| ENCHANTING +0 shortbow.
  2144 | D:3      | 2144 ||| DROPPING potion of ambrosia.
  2193 | D:4      | Reached skill level 9 in Ranged Weapons
  2305 | D:4      | HP: 5/30 [orc priest/divine providence (15)]
  2306 | D:4      | 2306 ||| DRINKING potion of heal wounds.
  2311 | D:4      | Reached XP level 6. HP: 17/35 MP: 8/8
  2675 | D:4      | Found a staircase to the Ecumenical Temple.
  2677 | D:4      | 2677 ||| PLANNING TEMPLE
  2677 | D:4      | 2677 ||| UPGRADING to +1 scale mail of poison resistance.
  2687 | D:4      | 2687 ||| DROPPING +0 ring mail.
  2688 | D:4      | 2688 ||| READING 2 scrolls of identify.
  2688 | D:4      | 2688 ||| IDENTIFYING fuming puce potion
  2689 | D:4      | 2689 ||| READING scroll of identify.
  2689 | D:4      | 2689 ||| IDENTIFYING 2 green potions
  2690 | D:4      | 2690 ||| DROPPING 2 potions of lignification.
  2691 | D:4      | 2691 ||| DROPPING potion of magic.
  2700 | Temple   | Entered the Ecumenical Temple
  2701 | Temple   | 2701 ||| PLANNING OKAWARU WORSHIP
  2717 | Temple   | Became a worshipper of Warmaster Okawaru
  2718 | Temple   | 2718 ||| PLANNING D:1-11
  3120 | D:5      | Entered Level 5 of the Dungeon
  3136 | D:5      | HP: 6/35 [black bear (5)]
  3138 | D:5      | Reached skill level 1 in Armour
  3349 | D:5      | Reached skill level 10 in Ranged Weapons
  3349 | D:5      | Reached XP level 7. HP: 40/40 MP: 9/9
  3478 | D:5      | 3478 ||| FLEEEEING.
  3483 | D:5      | HP: 8/39 [wight/+2 flail (8)]
  3487 | D:5      | HP: 1/39 [wight/+0 dire flail (3)]
  3488 | D:5      | Slain by a wight

Levels and vault maps discovered:
D:1:      onia_arrival_mini_maze, layout_loops_ring
D:2:      minmay_recursive_quarters, layout_basic, minivault_11
D:3:      layout_rooms, ebering_ghost_disaster_area,
          shapermc_ecumenical_altar_mp_ritualfount
D:4:      layout_basic, temple_hall
D:5:      layout_cave_pools, kennysheep_generic_room_12
Temple:   lightli_temple_of_artemis

Skill      XL: |  1  2  3  4  5  6 |
---------------+-------------------+-----
Ranged Weapons | 6 7 8 9 10 | 10.9
Fighting       | 2 |  2.0
Armour         | 1 |  1.7
Dodging        | |  2.4
Stealth        | |  1.2

Action                     |  1- 3 |  4- 6 |  7- 9 || total
---------------------------+-------+-------+-------++-------
   Fire: Shortbow          |   129 |   180 |    19 ||   328
    Use: Scroll            |     4 |     6 |       ||    10
         Potion            |     2 |     3 |       ||     5
 Armour: Leather armour    |    16 |       |       ||    16
         Ring mail         |     4 |    57 |       ||    61
         Scale mail        |       |    27 |     8 ||    35
  Dodge: Dodged            |    24 |    77 |     7 ||   108

Table legend:
 A = Non-vault XP
 B = Vault XP
 C = Vault XP percentage of total XP
 D = Non-vault monster count
 E = Vault monster count
 F = Vault count percentage of total count
                 A         B        C        D         E       F
            +---------+---------+-------+---------+---------+-------
      Total |     883 |      10 |   1.1 |      97 |       7 |   6.7
            +---------+---------+-------+---------+---------+-------
        D:1 |      55 |       2 |   3.5 |      32 |       2 |   5.9
        D:2 |      39 |       8 |  17.0 |      17 |       5 |  22.7
        D:3 |     148 |       0 |   0.0 |      22 |       0 |   0.0
        D:4 |     234 |       0 |   0.0 |      20 |       0 |   0.0
        D:5 |     407 |       0 |   0.0 |       6 |       0 |   0.0
            +---------+---------+-------+---------+---------+-------
